General information
- name: BNet
- type: Ladder team game (AT/RT)
- host: Battle.net
- saver: UnclePennybags
map: DragonFalls
- players: 8
- length: 45:37
- speed: Fast
- version: 1.27 W3XP
- replay type: Public
» download(254 KB)
Players
team 1 (loser)

»
Mr.GodlyPenguin (
green | 81 APM | 2835 actions | 34:47)
4 Archmage
2 Summon Water Elemental
2 Brilliance Aura
4 Death Knight
2 Death Coil
2 Unholy Aura
3 Lich
2 Frost Nova
1 Frost Armor
2 Mountain King
1 Storm Bolt
1 Bash
1 Paladin
1 Holy Light
2 Crypt Lord
1 Impale
1 Spiked Carapace
» actions
| Assign group hotkey | 35 | |
| Basic commands | 274 | |
| Build / train | 137 | |
| ESC pressed | 3 | |
| Enter build submenu | 45 | |
| Enter hero's abilities submenu | 16 | |
| Give item / drop item | 2 | |
| Remove unit from queue | 1 | |
| Right click | 1007 | |
| Select / deselect | 684 | |
| Select group hotkey | 465 | |
| Use ability | 166 | |
2835 total
» units
| Acolyte | 11 | |
| Peasant | 21 | |
| Ghoul | 3 | |
| Crypt Fiend | 6 | |
| Rifleman | 7 | |
| Gryphon Rider | 4 | |
| Obsidian Statue | 2 | |
| Frost Wyrm | 5 | |
| Gargoyle | 9 | |
68 total
» upgrades
| Gunpowder | 1 | |
| Armor | 2 | |
| Creature Attack | 3 | |
| Creature Carapace | 2 | |
| Lumber Harvesting | 2 | |
| Masonry | 1 | |
| Web | 1 | |
| Destroyer Form | 1 | |
| Storm Hammers | 1 | |
| Swords | 1 | |
| Animal War Training | 1 | |
| Freezing Breath | 1 | |
17 total
» buildings
| Crypt | 2 | |
| Graveyard | 1 | |
| Ziggurat | 7 | |
| Farm | 10 | |
| Blacksmith | 1 | |
| Barracks | 1 | |
| Altar of Kings | 1 | |
| Altar of Darkness | 1 | |
| Tomb of Relics | 1 | |
| Scout Tower | 2 | |
| Arcane Tower | 2 | |
| Arcane Vault | 1 | |
| Halls of the Dead | 1 | |
| Necropolis | 1 | |
| Keep | 1 | |
| Lumber Mill | 1 | |
| Nerubian Tower | 1 | |
| Black Citadel | 1 | |
| Castle | 2 | |
| Gryphon Aviary | 2 | |
| Slaughterhouse | 2 | |
| Sacrificial Pit | 1 | |
| Town Hall | 4 | |
| Boneyard | 2 | |
| Spirit Tower | 4 | |
53 total
» build order
00:26 Crypt
00:29 Graveyard
00:50 Ziggurat
01:01 Farm
01:06 Blacksmith
01:07 Barracks
01:16 Altar of Kings
01:19 Altar of Darkness
01:32 Farm
01:46 Ziggurat
02:15 Farm
02:36 Tomb of Relics
02:41 Scout Tower
03:12 Arcane Tower
03:14 Arcane Tower
03:28 Arcane Vault
04:07 Farm
04:36 Halls of the Dead
04:57 Necropolis
05:12 Keep
05:15 Farm
05:17 Lumber Mill
06:00 Nerubian Tower
06:05 Farm
06:06 Farm
06:06 Farm
08:03 Black Citadel
08:48 Castle
08:48 Castle
08:51 Gryphon Aviary
08:52 Gryphon Aviary
09:32 Slaughterhouse
09:33 Slaughterhouse
09:34 Sacrificial Pit
10:30 Ziggurat
10:31 Ziggurat
11:17 Town Hall
11:34 Boneyard
12:55 Boneyard
12:56 Ziggurat
12:58 Ziggurat
13:38 Farm
13:39 Farm
19:10 Town Hall
19:52 Town Hall
20:22 Ziggurat
25:39 Town Hall
27:00 Crypt
27:19 Spirit Tower
28:02 Spirit Tower
29:40 Spirit Tower
29:41 Spirit Tower
30:27 Scout Tower
» items
| Rod of Necromancy | 1 | |
| Dust of Appearance | 1 | |
| Scroll of Town Portal | 4 | |
| Scroll of Regeneration | 3 | |
| Potion of Healing | 5 | |
| Orb of Corruption | 2 | |
16 total

»
GOD-OF-4s (
red | 64 APM | 2923 actions | 45:36)
6 Tauren Chieftain
2 Endurance Aura
3 Shockwave
1 Reincarnation
» actions
| Assign group hotkey | 26 | |
| Basic commands | 179 | |
| Build / train | 83 | |
| ESC pressed | 4 | |
| Enter build submenu | 33 | |
| Enter hero's abilities submenu | 6 | |
| Give item / drop item | 3 | |
| Right click | 1256 | |
| Select / deselect | 589 | |
| Select group hotkey | 542 | |
| Use ability | 195 | |
2923 total
» units
| Peon | 15 | |
| Grunt | 2 | |
| Raider | 7 | |
| Kodo Beast | 2 | |
| Troll Batrider | 8 | |
| Tauren | 1 | |
35 total
» upgrades
| Melee Weapons | 3 | |
| Pillage | 1 | |
| Ensnare | 1 | |
| Armor | 2 | |
| Reinforced Defenses | 1 | |
| Liquid Fire | 1 | |
| Shaman Training | 1 | |
| Pulverize | 1 | |
11 total
» buildings
| Altar of Storms | 1 | |
| Orc Burrow | 8 | |
| Barracks | 1 | |
| Voodoo Lounge | 1 | |
| War Mill | 2 | |
| Stronghold | 3 | |
| Beastiary | 7 | |
| Fortress | 2 | |
| Spirit Lodge | 3 | |
| Tauren Totem | 2 | |
| Great Hall | 1 | |
31 total
» build order
00:06 Altar of Storms
00:08 Orc Burrow
00:28 Barracks
01:21 Voodoo Lounge
01:59 Orc Burrow
02:31 War Mill
03:12 Stronghold
03:13 Stronghold
04:04 Orc Burrow
04:34 Orc Burrow
05:41 Beastiary
05:42 Beastiary
05:44 Beastiary
05:55 Beastiary
08:14 Orc Burrow
09:46 Orc Burrow
11:39 Beastiary
11:42 Orc Burrow
11:52 Fortress
18:44 Beastiary
18:48 Beastiary
22:43 Orc Burrow
26:54 Spirit Lodge
26:56 Spirit Lodge
26:58 Tauren Totem
26:59 Tauren Totem
27:03 Spirit Lodge
27:59 War Mill
31:10 Great Hall
» items
| Healing Salve | 5 | |
| Lesser Clarity Potion | 2 | |
| Scroll of Speed | 1 | |
| Scroll of Town Portal | 2 | |
| Orb of Lightning | 1 | |
| Potion of Healing | 1 | |
| Tiny Great Hall | 1 | |
| Staff of Teleportation | 1 | |
14 total
TheSpiritCook (
teal | 96 APM | 4398 actions | 45:36)
5 Blademaster
3 Wind Walk
2 Critical Strike
» actions
| Assign group hotkey | 142 | |
| Basic commands | 417 | |
| Build / train | 137 | |
| ESC pressed | 19 | |
| Enter build submenu | 47 | |
| Enter hero's abilities submenu | 6 | |
| Give item / drop item | 15 | |
| Right click | 1398 | |
| Select / deselect | 634 | |
| Select group hotkey | 1346 | |
| Use ability | 237 | |
4398 total
» units
| Peon | 14 | |
| Grunt | 3 | |
| Goblin Zeppelin | 3 | |
| Goblin Shredder | 1 | |
| Troll Headhunter/Berserker | 19 | |
| Wind Rider | 19 | |
| Goblin Sapper | 5 | |
| Kodo Beast | 1 | |
| Raider | 1 | |
66 total
» upgrades
| Berserker Strength | 1 | |
| Reinforced Defenses | 1 | |
| Berserker Upgrade | 1 | |
| Ranged Weapons | 3 | |
| Armor | 3 | |
| Pillage | 1 | |
| Envenomed Spears | 1 | |
| War Drums Damage Increase | 1 | |
| Troll Regeneration | 1 | |
| Melee Weapons | 3 | |
| Spiked Barricades | 1 | |
| Ensnare | 1 | |
18 total
» buildings
| Orc Burrow | 7 | |
| Altar of Storms | 1 | |
| Barracks | 2 | |
| Voodoo Lounge | 1 | |
| Stronghold | 3 | |
| Great Hall | 3 | |
| War Mill | 1 | |
| Fortress | 1 | |
| Watch Tower | 17 | |
| Beastiary | 7 | |
| Spirit Lodge | 1 | |
44 total
» build order
00:11 Orc Burrow
00:48 Altar of Storms
00:50 Barracks
00:55 Barracks
01:23 Orc Burrow
01:50 Voodoo Lounge
02:08 Orc Burrow
03:34 Stronghold
04:08 Great Hall
04:30 War Mill
06:07 Fortress
06:43 Great Hall
06:55 Watch Tower
07:01 Watch Tower
07:04 Watch Tower
07:25 Watch Tower
08:13 Watch Tower
09:18 Watch Tower
09:52 Watch Tower
11:44 Watch Tower
11:45 Watch Tower
11:50 Watch Tower
11:50 Watch Tower
11:52 Watch Tower
12:42 Watch Tower
12:47 Orc Burrow
14:20 Beastiary
14:23 Spirit Lodge
14:27 Beastiary
15:19 Stronghold
16:21 Beastiary
16:23 Beastiary
16:28 Beastiary
16:35 Watch Tower
16:38 Watch Tower
16:42 Watch Tower
17:04 Beastiary
17:20 Orc Burrow
17:25 Orc Burrow
17:35 Beastiary
24:36 Great Hall
24:39 Watch Tower
41:14 Orc Burrow
» items
| Healing Salve | 9 | |
| Lesser Clarity Potion | 2 | |
| Boots of Speed | 1 | |
| Orb of Lightning | 1 | |
| Staff of Teleportation | 1 | |
| Scroll of Town Portal | 6 | |
| Ivory Tower | 7 | |
| Mechanical Critter | 5 | |
32 total
team 2 (winner)
sirlamealot (
pink | 77 APM | 1215 actions | 15:52)
3 Blademaster
2 Wind Walk
1 Critical Strike
» actions
| Assign group hotkey | 18 | |
| Basic commands | 5 | |
| Build / train | 45 | |
| Enter build submenu | 11 | |
| Enter hero's abilities submenu | 3 | |
| Give item / drop item | 1 | |
| Right click | 379 | |
| Select / deselect | 115 | |
| Select group hotkey | 592 | |
| Use ability | 46 | |
1215 total
» units
» upgrades
| Ranged Weapons | 3 | |
| Armor | 1 | |
| Burning Oil | 1 | |
| Reinforced Defenses | 1 | |
6 total
» buildings
| Altar of Storms | 1 | |
| Orc Burrow | 4 | |
| War Mill | 1 | |
| Stronghold | 3 | |
| Voodoo Lounge | 1 | |
| Barracks | 4 | |
| Fortress | 4 | |
18 total
» build order
00:07 Altar of Storms
00:16 Orc Burrow
01:52 War Mill
02:04 Stronghold
02:05 Stronghold
02:07 Voodoo Lounge
02:19 Orc Burrow
03:39 Barracks
03:41 Barracks
04:01 Orc Burrow
06:34 Fortress
06:34 Fortress
06:34 Fortress
07:49 Orc Burrow
15:34 Barracks
15:36 Barracks
» items
| Boots of Speed | 1 | |
| Circlet of Nobility | 1 | |
| Dust of Appearance | 1 | |
| Healing Salve | 1 | |
| Lesser Clarity Potion | 3 | |
| Scroll of Town Portal | 2 | |
| Orb of Lightning | 1 | |
10 total

»
ROUGEetOR (
yellow | 41 APM | 661 actions | 16:01)
4 Mountain King
2 Storm Bolt
2 Bash
1 Paladin
1 Holy Light
» actions
| Basic commands | 11 | |
| Build / train | 80 | |
| Enter build submenu | 34 | |
| Enter hero's abilities submenu | 5 | |
| Give item / drop item | 3 | |
| Right click | 228 | |
| Select / deselect | 228 | |
| Use ability | 72 | |
661 total
» units
| Peasant | 16 | |
| Footman | 6 | |
| Knight | 4 | |
| Flying Machine | 8 | |
34 total
» upgrades
| Defend | 1 | |
| Lumber Harvesting | 2 | |
| Masonry | 1 | |
| Plating | 2 | |
| Swords | 2 | |
| Gunpowder | 1 | |
| Flying Machine Bombs | 1 | |
| Flak Cannons | 1 | |
11 total
» buildings
| Altar of Kings | 1 | |
| Farm | 11 | |
| Lumber Mill | 2 | |
| Barracks | 2 | |
| Scout Tower | 11 | |
| Arcane Tower | 2 | |
| Arcane Vault | 1 | |
| Keep | 1 | |
| Town Hall | 1 | |
| Castle | 3 | |
| Guard Tower | 16 | |
| Blacksmith | 1 | |
| Workshop | 3 | |
55 total
» build order
00:23 Altar of Kings
00:40 Farm
01:23 Farm
01:34 Lumber Mill
01:43 Barracks
01:54 Scout Tower
02:02 Farm
02:20 Arcane Tower
02:38 Arcane Vault
03:12 Farm
03:27 Keep
03:50 Farm
05:20 Farm
05:55 Town Hall
05:58 Scout Tower
06:00 Scout Tower
06:14 Castle
06:14 Castle
06:14 Castle
06:29 Scout Tower
06:30 Guard Tower
06:30 Guard Tower
06:32 Guard Tower
06:32 Guard Tower
06:35 Scout Tower
06:59 Guard Tower
07:00 Guard Tower
07:02 Scout Tower
07:06 Guard Tower
07:06 Guard Tower
07:10 Scout Tower
07:53 Guard Tower
07:54 Arcane Tower
08:51 Barracks
08:58 Blacksmith
10:02 Scout Tower
10:20 Workshop
10:23 Workshop
10:32 Workshop
10:46 Guard Tower
11:04 Scout Tower
11:29 Farm
11:39 Lumber Mill
11:54 Guard Tower
11:56 Scout Tower
12:18 Farm
12:43 Scout Tower
12:44 Guard Tower
12:44 Guard Tower
13:07 Farm
13:17 Guard Tower
13:20 Farm
13:58 Farm
» items
| Healing Salve | 1 | |
| Lesser Clarity Potion | 1 | |
| Boots of Speed | 1 | |
| Orb of Lightning | 1 | |
| Scroll of Town Portal | 1 | |
| Potion of Healing | 1 | |
6 total
UnclePennybags (
orange | 57 APM | 2580 actions | 45:37)
9 Blademaster
3 Wind Walk
3 Critical Strike
1 Bladestorm
2 Mirror Image
» actions
| Assign group hotkey | 160 | |
| Basic commands | 40 | |
| Build / train | 103 | |
| Enter build submenu | 90 | |
| Enter hero's abilities submenu | 9 | |
| Give item / drop item | 7 | |
| Remove unit from queue | 3 | |
| Right click | 1091 | |
| Select / deselect | 464 | |
| Select group hotkey | 293 | |
| Use ability | 320 | |
2580 total
» units
| Peon | 13 | |
| Grunt | 8 | |
| Goblin Shredder | 1 | |
| Goblin Zeppelin | 2 | |
| Green Dragon | 3 | |
| Troll Batrider | 3 | |
| Peasant | 4 | |
34 total
» upgrades
| Reinforced Defenses | 1 | |
| Spiked Barricades | 3 | |
| Masonry | 2 | |
| Burrow | 1 | |
| Troll Regeneration | 1 | |
| Liquid Fire | 1 | |
| Ranged Weapons | 1 | |
| Armor | 1 | |
| Swords | 1 | |
| Plating | 1 | |
| Envenomed Spears | 1 | |
| Burning Oil | 0 | |
14 total
» buildings
| Orc Burrow | 3 | |
| Altar of Storms | 1 | |
| Barracks | 2 | |
| Voodoo Lounge | 3 | |
| Stronghold | 1 | |
| War Mill | 2 | |
| Great Hall | 7 | |
| Fortress | 1 | |
| Watch Tower | 56 | |
| Beastiary | 3 | |
| Spirit Tower | 2 | |
| Ziggurat | 3 | |
| Keep | 1 | |
| Altar of Kings | 2 | |
| Castle | 1 | |
| Necropolis | 1 | |
| Lumber Mill | 1 | |
| Blacksmith | 3 | |
| Halls of the Dead | 1 | |
| Scout Tower | 14 | |
| Guard Tower | 1 | |
109 total
» build order
00:13 Orc Burrow
01:00 Altar of Storms
01:01 Barracks
01:09 Barracks
01:13 Orc Burrow
01:51 Voodoo Lounge
02:50 Stronghold
04:02 War Mill
04:32 Great Hall
04:45 Orc Burrow
07:01 Fortress
08:15 Great Hall
08:16 Watch Tower
08:19 Great Hall
08:28 Watch Tower
08:29 Watch Tower
08:30 Watch Tower
09:28 Voodoo Lounge
09:30 Watch Tower
09:31 Watch Tower
09:34 Watch Tower
09:35 Watch Tower
11:08 Watch Tower
11:08 Watch Tower
11:14 Watch Tower
11:16 Watch Tower
11:17 Watch Tower
11:31 Watch Tower
11:31 Watch Tower
11:32 Watch Tower
12:42 Watch Tower
12:43 Watch Tower
12:45 Watch Tower
13:14 Watch Tower
13:16 Watch Tower
13:33 Watch Tower
14:02 Watch Tower
14:05 Watch Tower
14:16 Watch Tower
14:58 Watch Tower
15:57 Beastiary
15:57 Beastiary
16:15 Watch Tower
16:41 Beastiary
17:13 Spirit Tower
17:15 Ziggurat
17:15 Ziggurat
17:15 Ziggurat
19:23 War Mill
20:14 Watch Tower
20:14 Watch Tower
20:16 Watch Tower
20:17 Watch Tower
22:23 Voodoo Lounge
22:35 Keep
23:09 Spirit Tower
25:31 Watch Tower
25:31 Watch Tower
25:32 Watch Tower
25:36 Altar of Kings
25:40 Altar of Kings
25:42 Watch Tower
27:01 Great Hall
27:42 Castle
28:03 Necropolis
29:34 Great Hall
29:36 Watch Tower
29:37 Watch Tower
29:41 Watch Tower
30:52 Watch Tower
30:52 Watch Tower
30:57 Watch Tower
31:43 Watch Tower
31:46 Watch Tower
31:49 Watch Tower
33:49 Lumber Mill
33:50 Blacksmith
33:52 Blacksmith
33:53 Blacksmith
37:57 Halls of the Dead
38:41 Scout Tower
38:42 Scout Tower
38:42 Scout Tower
38:42 Scout Tower
38:43 Scout Tower
38:43 Scout Tower
38:43 Scout Tower
38:49 Scout Tower
38:49 Scout Tower
38:50 Scout Tower
38:50 Scout Tower
38:50 Scout Tower
38:51 Scout Tower
39:30 Great Hall
39:33 Watch Tower
39:34 Watch Tower
39:34 Watch Tower
39:34 Watch Tower
39:36 Watch Tower
39:36 Watch Tower
39:37 Watch Tower
39:37 Watch Tower
41:00 Guard Tower
43:31 Great Hall
43:34 Watch Tower
43:35 Watch Tower
43:35 Watch Tower
43:36 Watch Tower
» items
| Healing Salve | 5 | |
| Lesser Clarity Potion | 6 | |
| Scroll of Regeneration | 1 | |
| Mechanical Critter | 2 | |
| Staff of Teleportation | 1 | |
| Potion of Healing | 7 | |
| Orb of Fire | 1 | |
| Scroll of Town Portal | 3 | |
| Orb of Lightning | 1 | |
| Potion of Mana | 7 | |
34 total
Apocalypse(SoD) (
blue | 50 APM | 777 actions | 15:39)
2 Death Knight
1 Death Coil
1 Unholy Aura
» actions
| Assign group hotkey | 20 | |
| Basic commands | 53 | |
| Build / train | 32 | |
| Enter build submenu | 16 | |
| Enter hero's abilities submenu | 2 | |
| Right click | 318 | |
| Select / deselect | 115 | |
| Select group hotkey | 194 | |
| Use ability | 27 | |
777 total
» units
| Acolyte | 5 | |
| Ghoul | 5 | |
| Crypt Fiend | 7 | |
| Obsidian Statue | 1 | |
| Abomination | 1 | |
19 total
» upgrades
| Creature Attack | 2 | |
| Creature Carapace | 2 | |
| Web | 1 | |
| Disease Cloud | 1 | |
6 total
» buildings
| Crypt | 2 | |
| Altar of Darkness | 1 | |
| Ziggurat | 6 | |
| Graveyard | 1 | |
| Halls of the Dead | 1 | |
| Tomb of Relics | 1 | |
| Slaughterhouse | 1 | |
| Black Citadel | 1 | |
| Spirit Tower | 1 | |
15 total
» build order
00:58 Crypt
01:01 Crypt
01:04 Altar of Darkness
01:07 Ziggurat
01:24 Graveyard
01:38 Ziggurat
03:34 Ziggurat
04:48 Halls of the Dead
05:58 Ziggurat
06:16 Tomb of Relics
08:50 Slaughterhouse
09:58 Ziggurat
10:03 Black Citadel
10:08 Ziggurat
13:20 Spirit Tower
» items
Chat log
(00:35 / Allies) ROUGEetOR: oj make melee?
(00:39 / Allies) UnclePennybags: nope
(00:45 / Allies) ROUGEetOR: thell rush
(00:52 / Allies) Apocalypse(SoD): making fiends
(00:55 / Allies) UnclePennybags: oh yeah I'll have 4 grunts
(03:46 / Allies) Apocalypse(SoD): we cc?
(03:50 / Allies) UnclePennybags: aye
(05:00 / Allies) Apocalypse(SoD): stop
(05:02 / Allies) Apocalypse(SoD): the expo
(05:18 / Allies) sirlamealot: fuck off dude i cant do it alone vs taht
(05:28 / Allies) Apocalypse(SoD): it was an expo
(05:29 / Allies) Apocalypse(SoD): idiot
(05:36 / Allies) Apocalypse(SoD): you should've killed it
(05:36 / Allies) sirlamealot: ya and he had 2 armies there
(06:56 / Allies) ROUGEetOR: k
(09:45 / Allies) UnclePennybags: lumbs?
(10:54 / Allies) UnclePennybags: target dk when you can with totwers
(11:09 / Allies) ROUGEetOR: k
(11:49 / Allies) UnclePennybags: tp someone
(12:01 / Allies) ROUGEetOR: tp
(12:03 / Allies) ROUGEetOR: somone
(12:10 / Allies) ROUGEetOR: commin
(12:40 / Allies) UnclePennybags: danke
(13:25 / Allies) ROUGEetOR: wood plz
(13:30 / Allies) Apocalypse(SoD): can we hit together
(13:32 / Allies) Apocalypse(SoD): or what
(13:33 / Allies) Apocalypse(SoD): pink
(13:39 / Allies) sirlamealot: sure 1 se
(13:41 / Allies) Apocalypse(SoD): you just gonna get ur pults
(13:41 / Allies) ROUGEetOR: meet4
(13:42 / Allies) Apocalypse(SoD): raped
(13:43 / Allies) Apocalypse(SoD): everytime
(13:53 / Allies) ROUGEetOR: meet
(14:05 / Allies) ROUGEetOR: WOOD PLZ
(14:13 / Allies) ROUGEetOR: TY
(14:31 / Allies) sirlamealot: let it go who gives a shit
(14:32 / Allies) Apocalypse(SoD): been tping too much
(14:34 / Allies) Apocalypse(SoD): have no more tps
(14:52 / Allies) Apocalypse(SoD): hit
(14:53 / Allies) Apocalypse(SoD): main
(14:54 / Allies) Apocalypse(SoD): now
(15:07 / Allies) ROUGEetOR: TP
(15:08 / Allies) ROUGEetOR: HELP
(15:34 / Allies) ROUGEetOR: TP
(15:39 / All) TheSpiritCook: DIDN'T GET IT!
(15:54 / All) Mr.GodlyPenguin: such noobs
(15:55 / All) TheSpiritCook: Lmao
(15:57 / All) TheSpiritCook: GG
(16:01 / All) GOD-OF-4s: IM A GOD
(16:10 / All) GOD-OF-4s: LOSE TO PURE RAIDERS, NOOBS
(21:29 / All) TheSpiritCook: WTF
(30:42 / All) Mr.GodlyPenguin: sigh
(30:52 / All) TheSpiritCook: You're a teamkiller green
(30:54 / All) TheSpiritCook: I'm reporting you
(31:05 / All) Mr.GodlyPenguin: how embarrasing
(31:15 / All) Mr.GodlyPenguin: that you have to have 2 computers
(31:31 / All) TheSpiritCook: Two computers? Lol
(31:38 / All) TheSpiritCook: I bet you believe all the lies about Hillary Clinton too
(35:32 / All) UnclePennybags: Well well well, looks like you lose again fatso
(36:25 / All) TheSpiritCook: FAT BOY LOSES AGAIN!
(36:56 / All) UnclePennybags: SKINNY PRIDE
(37:12 / All) UnclePennybags: FATS OUT!
(37:17 / All) UnclePennybags: FATS GET OUT
(37:21 / All) TheSpiritCook: DEATH TO FATTIES!
(37:24 / All) TheSpiritCook: DEATH TO FATTIES!
(37:34 / All) TheSpiritCook: TOO FAT, TOO SLOW!
(37:53 / All) TheSpiritCook: TOO FAT, TOO SLOW, ASKS ME TO UNBLOCK HIM, I SAY NO!
(39:12 / All) UnclePennybags: JESTER-OF-4s
(39:52 / All) UnclePennybags: JACOB IS A BOTTOM BITCH
(39:56 / All) UnclePennybags: NOTHING BUT A BOTTOM BITCH
(40:00 / All) UnclePennybags: BATTY BOY
(40:16 / All) TheSpiritCook: Jake wants to be the girl
(40:27 / All) TheSpiritCook: He's a blubbery whale
(40:41 / All) UnclePennybags: He gives that vibe, must be from all the estrogen due to all the extra fat he carries
(40:43 / All) UnclePennybags: sad story
(40:43 / All) TheSpiritCook: and nothing but a submissive, fat bitch
(41:00 / All) TheSpiritCook: bottom bitch and bottom feeding bitch
(41:08 / All) TheSpiritCook: pathetic begging to be added again lol
(41:47 / All) TheSpiritCook: Any words for us Jacob?
(42:14 / All) UnclePennybags: Fatso is a low rent pretender
(42:30 / All) UnclePennybags: God of 4s, haha! What a whopper!
(42:45 / All) TheSpiritCook: He's a real joker
(42:48 / All) UnclePennybags: (not talking about your third lunch, 4 whoppers with a couple orders of fries)(
(42:56 / All) TheSpiritCook: Real comedian
(43:02 / All) TheSpiritCook: He's so funny without trying to be
(43:06 / All) TheSpiritCook: He always makes me laugh
(43:14 / All) UnclePennybags: He's only funny on the outside
(44:18 / All) TheSpiritCook: Any final words to say to us fat boy?
(44:47 / All) TheSpiritCook: got anything to say jak?
(45:01 / All) TheSpiritCook: Jacob Campbell of Tulare, California
(45:22 / All) TheSpiritCook: Guess that's a NO!